 Dungeon Crawl Stone Soup version 0.27-a0-32-g443bf2d2ca (webtiles) character file.

Game seed: 6418600255331756054

259 DocSulfur the Ruffian (level 5, -7/42 HPs)
             Began as a Draconian Transmuter on Jan 4, 2021.
             Was an Initiate of Qazlal.
             Killed by divine providence
             ... invoked by an orc priest
              (16 damage)
             ... on level 4 of the Dungeon.
             The game lasted 00:08:47 (2419 turns).

DocSulfur the Ruffian (Draconian Transmuter)        Turns: 2419, Time: 00:08:48

Health: -7/42      AC:  5    Str: 13    XL:     5   Next: 94%
Magic:  9/9        EV: 12    Int: 14    God:    Qazlal [......]
Gold:   134        SH:  0    Dex: 11    Spells: 8/9 levels left

rFire    . . .     SeeInvis .     - Unarmed
rCold    . . .     Faith    .   (no shield)
rNeg     . . .     Spirit   .   (armour unavailable)
rPois    .         Reflect  .   (helmet currently unavailable)
rElec    .         Harm     .   (no cloak)
rCorr    .         Rampage  .   (no gloves)
Will     .....                  (boots currently unavailable)
Stlth    +.........             a - amulet of regeneration
HPRegen  0.54/turn              b - ring of flight
MPRegen  0.11/turn              (no ring)

@: appendages (expiring)
A: unfitting armour, horns 2, talons 2, cold-blooded, AC +5
a: End Transformation, Renounce Religion, Evoke Flight


You were on level 4 of the Dungeon.
You worshipped Qazlal.
Qazlal was noncommittal.
You had grown temporary horns.
You had grown temporary talons.
You visited 2 branches of the dungeon, and saw 5 of its levels.

You collected 134 gold pieces.

Inventory:

Missiles
 p - 10 poisoned darts
Armour
 c - a +1 hat (melded)
Jewellery
 a - an amulet of regeneration (around neck)
 b - a ring of flight (left hand)
Wands
 g - a wand of random effects (14)
Scrolls
 e - 2 scrolls of blinking
 h - a scroll of magic mapping {unknown}
 i - a scroll of enchant weapon
 j - 2 scrolls of teleportation
 l - 3 scrolls of remove curse
 o - 2 scrolls of identify
Potions
 d - 2 potions of curing
 f - a potion of lignification {unknown}
 k - 2 potions of might {unknown}
 m - a potion of brilliance {unknown}
 n - a potion of invisibility {unknown}
 q - a potion of heal wounds {unknown}


   Skills:
 + Level 2.7 Fighting
 - Level 1.7 Dodging
 * Level 4.4 Unarmed Combat
 + Level 2.9 Spellcasting
 * Level 4.0 Transmutations
 + Level 0.2 Invocations


You had 8 spell levels left.
You knew the following spells:

 Your Spells              Type           Power        Failure   Level
a - Beastly Appendage     Tmut           26%          4%          1

Your spell library contained the following spells:

 Spells                   Type           Power        Failure   Level
 Wereblood                Tmut           13%          6%          2
 Spider Form              Tmut/Pois      3%           28%         3
 Ice Form                 Ice/Tmut       7%           67%         4
 Blade Hands              Tmut           6%           75%         5


Dungeon Overview and Level Annotations

Branches:
Dungeon (4/15)             Temple (1/1) D:4

Altars:
Ashenzari
Cheibriados
Dithmenos
Elyvilon
Fedhas
Gozag
Hepliaklqana
Kikubaaqudgha
Makhleb
Nemelex Xobeh
Okawaru
Qazlal
Ru
Sif Muna
Trog
Vehumet
Wu Jian
Xom
Yredelemnul
Zin
The Shining One


Innate Abilities, Weirdness & Mutations

Your plain brown scales are hard. (AC +5)
You cannot fit into any form of body armour.
You are cold-blooded and may be slowed by cold attacks.
You have a pair of horns on your head.
You have razor-sharp toenails.


Message History

You hit the orc priest but do no damage.
You headbutt the orc priest, but do no damage.
You tail-slap the orc priest.
The orc priest is lightly wounded.
The jackal bites you. The jackal closely misses you.
The orc priest hits you with a +0 war axe!
* * * LOW HITPOINT WARNING * * *
The orc hits you but does no damage. The jackal bites you.
* * * LOW HITPOINT WARNING * * *
The orc wizard casts a spell.
The orc wizard blinks!
The jackal bites you but does no damage.
Blink to where?
Press: ? - help, Dir - move target
As you read the scroll of blinking, it crumbles to dust.
You feel yourself speed up.
Your transformation is almost over.
The orc priest calls down the wrath of Beogh upon you.
Beogh smites you!
You die...

#.#
##########...#
#.# ##..# #.#
##.# ..# #.##
..# #..# ..#
#..## ### h.##
##..####.#
.o.#
##......##
##h##
##@....### #
#.## ##.†)..##
##h###
##..##..#
##o.#
##.#####.#
##.## ##.##
#.# ##..###o.#
#.#
####.....hh##
##.###
##...###....#
##†.).#####
..#### #...##
###.........##


You could see an orc priest and 2 jackals.

Vanquished Creatures
  An orc priest (D:4)
  Ijyb (D:3)
  Jessica (D:3)
  An orc wizard (D:4)
  3 gnolls (D:2)
  3 adders
  An adder skeleton (D:4)
  4 worms
  3 leopard geckos
  5 orcs
  2 giant cockroaches
  9 goblins
  7 hobgoblins
  8 jackals
  2 quokkas (D:3)
  6 bats
  2 frilled lizards
  7 kobolds
  8 rats
74 creatures vanquished.

Notes
Turn   | Place    | Note
-------+----------+-------------------------------------------
     0 | D:1      | DocSulfur the Draconian Transmuter began the quest for the
                  | Orb.
     0 | D:1      | Reached XP level 1. HP: 16/16 MP: 3/3
   184 | D:1      | Reached XP level 2. HP: 23/23 MP: 3/5
   367 | D:1      | You fall into a shaft and drop 1 floor!
   440 | D:2      | Reached XP level 3. HP: 28/28 MP: 4/6
   799 | D:2      | Found a sparkling altar of Nemelex Xobeh.
   869 | D:2      | Reached XP level 4. HP: 16/36 MP: 7/7
  1098 | D:3      | Noticed Ijyb
  1119 | D:3      | Killed Ijyb
  1371 | D:3      | Noticed Jessica
  1378 | D:3      | Reached XP level 5. HP: 40/41 MP: 6/8
  1378 | D:3      | Killed Jessica
  1873 | D:4      | Found a staircase to the Ecumenical Temple.
  1915 | Temple   | Entered the Ecumenical Temple
  2129 | D:4      | Found a hazy altar of Hepliaklqana.
  2129 | D:4      | Found a stormy altar of Qazlal.
  2137 | D:4      | Found a faded altar of an unknown god.
  2141 | D:4      | Became a worshipper of Qazlal Stormbringer
  2145 | D:4      | Found a shimmering blue altar of Sif Muna.
  2146 | D:4      | Found a blossoming altar of Fedhas.
  2419 | D:4      | Killed from afar by an orc priest

Illustrated notes

Levels and vault maps discovered:
D:1:      dpeg_arrival_leaves_temple_mockup, layout_basic, glass_columns_a,
          hangedman_glass_teeth
D:2:      layout_rooms, palyth_stone_intersect, st_stairs_6,
          nemelex_spade_bored_becter
D:3:      layout_loops_cross, uniq_ijyb, uniq_jessica
D:4:      layout_layer_cave, chequers_temple_overflow_minitemple,
          minmay_temple_entry_mist, xom_teletrap_fun
Temple:   eino_temple_rhombus

Skill      XL: |  1  2  3  4  5 |
---------------+----------------+-----
Transmutations | 3 4 |  4.0
Fighting       | 2 |  2.7
Unarmed Combat | 4 |  4.4
Dodging        | |  1.7
Spellcasting   | |  2.9
Invocations    | |  0.2

Action                   |  1- 3 |  4- 6 || total
-------------------------+-------+-------++-------
Melee: Unarmed           |   117 |   127 ||   244
       Kick              |    15 |    20 ||    35
       Headbutt          |     6 |    16 ||    22
       Tailslap          |    13 |    19 ||    32
       Punch             |     4 |     2 ||     6
 Cast: Beastly Appendage |    19 |    25 ||    44
Evoke: Wand              |       |     1 ||     1
  Use: Scroll            |     2 |     6 ||     8
Armor: Skin              |    32 |    51 ||    83
Dodge: Dodged            |    84 |    91 ||   175

Table legend: (Time is in decaauts)
 A = Elapsed time spent in this place.
 B = Non-inter-level travel time spent in this place.
 C = Inter-level travel time spent in this place.
 D = Time resting spent in this place.
 E = Time spent auto-exploring this place.
 F = Levels seen in this place.
 G = Mean time per level.
                   A        B        C        D        E       F      G
               +--------+--------+--------+--------+--------+-----+--------+
         Total |   2412 |   2346 |     66 |      0 |   1671 |   5 |  482.4 |
       Dungeon |   2255 |   2193 |     62 |      0 |   1531 |   4 |  563.8 |
        Temple |    156 |    152 |      4 |      0 |    140 |   1 |  156.0 |
               +--------+--------+--------+--------+--------+-----+--------+

Top non-repeatable levels by time:
     D:3: 715 daAuts
     D:2: 710 daAuts
     D:4: 464 daAuts
     D:1: 364 daAuts
  Temple: 156 daAuts
